 Dungeon Crawl Stone Soup version 0.31-a0-795-g5eb97db20b (webtiles) character file.

Game seed: 9341736908871511123

68 Newt the Trooper (level 4, 0/37 HPs)
             Began as a Demonspawn Gladiator on Sept 18, 2023.
             Slain by Natasha (2 damage)
             ... on level 2 of the Dungeon.
             The game lasted 00:01:10 (1610 turns).

Newt the Trooper (Demonspawn Gladiator)             Turns: 1610, Time: 00:01:10

Health: 0/37       AC:  4    Str: 16    XL:     4   Next: 1%
Magic:  4/4        EV: 14    Int: 10    God:
Gold:   128        SH:  0    Dex: 14    Spells: 3/3 levels left

rFire   + . .        a - +0 rapier
rCold   . . .        (no shield)
rNeg    . . .        b - +0 leather armour
rPois   +            c - +0 helmet
rElec   .            (no cloak)
rCorr   .            (no gloves)
SInv    .            (no boots)
Will    .....        (no amulet)
Stlth   +            g - ring of protection from fire
HPRegen 0.26/turn    h - ring of poison resistance
MPRegen 0.09/turn

%: no passive effects
@: no status effects
A: repulsion field 1, demonic guardian 1, ignite blood 1
a: no special abilities


You were on level 2 of the Dungeon.
You visited 1 branch of the dungeon, and saw 2 of its levels.

You collected 128 gold pieces.

Inventory:

Hand Weapons
 a - a +0 rapier (weapon)
Missiles
 e - a javelin
 f - 2 poisoned darts
Armour
 b - a +0 leather armour (worn)
 c - a +0 helmet (worn)
Jewellery
 g - a ring of protection from fire (left hand)
 h - a ring of poison resistance (right hand)
Scrolls
 j - 2 scrolls of identify
 k - a scroll of fog
 l - a scroll of revelation
 m - a scroll of poison
Potions
 i - a potion of magic


   Skills:
 - Level 4.0 Fighting
 - Level 2.6 Short Blades
 - Level 1.7 Throwing
 + Level 3.1 Dodging


You had 3 spell levels left.
You didn't know any spells.
Your spell library was empty.

Dungeon Overview and Level Annotations

Branches:
Dungeon (2/15)

Altars:

Annotations:
D:2 Natasha


Innate Abilities, Weirdness & Mutations

You are surrounded by a mild repulsion field. (EV +2)
A weak demonic guardian rushes to your aid.
Your demonic aura sometimes causes spilled blood to erupt in flames.


Message History

Natasha is lightly wounded.
Natasha closely misses you.
You closely miss Natasha.
Natasha is lightly wounded.
Natasha casts a spell at you. You resist with some effort.
You hit Natasha but do no damage.
Natasha is lightly wounded.
Natasha stares at you and mumbles some strange words.
The magic dart hits you!
You hit Natasha but do no damage.
Natasha is lightly wounded.
Natasha casts a spell.
You miss Natasha.
Natasha is lightly wounded.
Natasha misses you. The cerulean imp closely misses you.
Throw: 2 throwing nets
Press: ? - help, Q - select action, (/) - cycle Shift-Dir - straight line, f - Natasha
Aim: Natasha (lightly wounded, 50% to hit)
You throw a throwing net.
The throwing net closely misses Natasha.
Natasha claws you.
* * * LOW HITPOINT WARNING * * *
Throw: throwing net
Press: ? - help, Q - select action, (/) - cycle Shift-Dir - straight line, f/p - Natasha
Aim: Natasha (lightly wounded, 50% to hit)
You throw a throwing net. The throwing net barely misses Natasha.
The cerulean imp hits you but does no damage.
Natasha casts a spell at you. The magic dart hits you!
* * * LOW HITPOINT WARNING * * *
A demonic guardian appears!
Okay, then.
Okay, then.
Okay, then.
You hit Natasha.
Natasha is moderately wounded.
The cerulean imp misses you. Natasha claws you.
You die...
Natasha begins licking her fur clean.

......# #†#
#.........#
......# #.#
###'#######
......# #.# #.#
......#
#.#######.###
......#
#.#.........#
#######
#.#.........#
#.#....5....#
###+#...5.....#
(.....h@......#
..............#
..............#
..|...........#
..............#
..............#
.....(....$...#
.....######+###


You could see Natasha, a cerulean imp (summoned, ally target) and a friendly
ufetubus (summoned).

Vanquished Creatures
  Natasha (twice) (D:2)
  An adder (D:2)
  A dart slug (D:1)
  2 bats
  An endoplasm (D:1)
  A kobold (D:1)
  2 ball pythons
  2 frilled lizards (D:1)
  A rat (D:2)
13 creatures vanquished.

Notes
Turn   | Place    | Note
-------+----------+-------------------------------------------
     0 | D:1      | Newt the Demonspawn Gladiator began the quest for the Orb.
     0 | D:1      | Reached XP level 1. HP: 16/16 MP: 1/1
   449 | D:1      | Gained mutation: You are surrounded by a mild repulsion
                  | field. (EV +2) [demonic ancestry]
   449 | D:1      | Reached XP level 2. HP: 22/23 MP: 2/2
   855 | D:2      | Reached skill level 3 in Fighting
  1003 | D:2      | Noticed Natasha
  1015 | D:2      | Killed Natasha
  1016 | D:2      | Gained mutation: Your demonic aura sometimes causes spilled
                  | blood to erupt in flames. [demonic ancestry]
  1016 | D:2      | Reached XP level 3. HP: 9/30 MP: 3/3
  1160 | D:2      | Noticed Natasha
  1172 | D:2      | Killed Natasha
  1173 | D:2      | Reached skill level 4 in Fighting
  1505 | D:2      | Gained mutation: A weak demonic guardian rushes to your
                  | aid. [demonic ancestry]
  1505 | D:2      | Reached XP level 4. HP: 37/37 MP: 4/4
  1591 | D:2      | Noticed Natasha
  1609 | D:2      | HP: 1/37 [Natasha/magic dart (8)]
  1610 | D:2      | Slain by Natasha

Illustrated notes

Levels and vault maps discovered:
D:1:      shiori_shiawase, layout_basic, patterned_corridor
D:2:      layout_basic, uniq_natasha

Skill      XL: |  1  2  3 |
---------------+----------+-----
Fighting       | 3 4 |  4.0
Dodging        | 3 |  3.1
Short Blades   | |  2.6
Throwing       | |  1.7

Action                     |  1- 3 |  4- 6 || total
---------------------------+-------+-------++-------
  Melee: Rapier            |    73 |    13 ||    86
  Throw: Throwing net      |     1 |     2 ||     3
    Use: Scroll            |     4 |       ||     4
 Armour: Leather armour    |    42 |    10 ||    52
  Dodge: Dodged            |    52 |     9 ||    61

Table legend: (Time is in decaauts)
 A = Elapsed time spent in this place.
 B = Non-inter-level travel time spent in this place.
 C = Inter-level travel time spent in this place.
 D = Time resting spent in this place.
 E = Time spent auto-exploring this place.
 F = Levels seen in this place.
 G = Mean time per level.
                   A        B        C        D        E       F      G
               +--------+--------+--------+--------+--------+-----+--------+
         Total |   1614 |   1601 |     13 |    448 |    974 |   2 |  807.0 |
       Dungeon |   1614 |   1601 |     13 |    448 |    974 |   2 |  807.0 |
               +--------+--------+--------+--------+--------+-----+--------+

Top non-repeatable levels by time:
     D:1: 828 daAuts
     D:2: 785 daAuts
